 Dungeon Crawl Stone Soup version 0.26-a0-651-gb41185065b (webtiles) character file.

Game seed: 7408535843513317152

71 Irenicus the Chopper (level 4, -4/39 HPs)
             Began as a Deep Dwarf Gladiator on Oct 5, 2020.
             Killed from afar by an orc wizard (10 damage)
             ... with a puff of flame
             ... on level 4 of the Dungeon.
             The game lasted 00:03:46 (727 turns).

Irenicus the Chopper (Deep Dwarf Gladiator)          Turns: 727, Time: 00:03:47

Health: -4/39      AC:  0    Str: 17    XL:     4   Next: 5%
Magic:  4/4        EV: 36    Int:  9    God:
Gold:   107        SH:  0    Dex: 20    Spells: 3/3 levels left

rFire    . . .     SeeInvis .   (weapon currently unavailable)
rCold    . . .     Faith    .   (shield currently unavailable)
rNeg     . . .     Spirit   .   (armour currently unavailable)
rPois    .         Reflect  .   (helmet currently unavailable)
rElec    .         Harm     .   (cloak currently unavailable)
rCorr    .         Rampage  .   (gloves currently unavailable)
MR       .....                  (boots currently unavailable)
Stlth    ++........             j - amulet of the acrobat
HPRegen  0.00/turn              (ring currently unavailable)
MPRegen  0.09/turn              (ring currently unavailable)

@: bat-form, acrobat, flying, non-regenerating, very quick
A: tiny, damage resistance, heal wounds, sense surroundings 1, no regeneration
a: Heal Wounds


You were on level 4 of the Dungeon.
You were in bat-form.
You visited 1 branch of the dungeon, and saw 3 of its levels.

You collected 107 gold pieces.

Inventory:

Hand Weapons
 a - a +0 war axe
 f - a +0 hand axe (melded)
   (You found it on level 1 of the Dungeon)
Missiles
 d - 3 throwing nets {=f, !d}
 m - 4 javelins (quivered)
Armour
 b - a +0 leather armour
 c - a +0 helmet (melded)
 g - a +0 ring mail (melded)
   (You found it on level 1 of the Dungeon)
Jewellery
 e - a +6 ring of intelligence (melded)
   (You found it on level 1 of the Dungeon)
 j - an amulet of the acrobat (around neck)
   (You found it on level 1 of the Dungeon)
 k - a +4 ring of protection (melded)
   (You found it on level 1 of the Dungeon)
Scrolls
 h - a scroll of teleportation {unknown}
 i - a scroll of magic mapping {unknown}
 l - a scroll of immolation {unknown}
 n - a scroll of identify {unknown}
 q - a scroll of amnesia {unknown}
 r - a scroll of fear {unknown}
Potions
 o - 2 potions of brilliance {unknown}
 p - a potion of flight {unknown}


   Skills:
 - Level 1.7 Fighting
 + Level 5.4 Axes
 - Level 1.7 Throwing
 - Level 3.2 Dodging


You had 3 spell levels left.
You didn't know any spells.
Your spell library was empty.

Dungeon Overview and Level Annotations

Branches:
Dungeon (2/15)

Altars:


Innate Abilities, Weirdness & Mutations

You are resistant to damage.
You can heal yourself by infusing magical energy.
You passively map a small area around you.
You do not regenerate.


Message History

You hit the hound.
The hound is heavily wounded.
The hound bites you. The hound bites you but does no damage.
An orc wizard comes into view.
It is wielding a +0 dagger and carrying a wand of polymorph (12).
You take 2 damage, and have 23/32 hp.
You hit the hound.
The hound is heavily wounded.
The hound bites you but does no damage.
You closely miss the hound.
The hound is heavily wounded.
The hound barely misses you. The hound bites you but does no damage.
You closely miss the hound.
The hound is heavily wounded.
The orc wizard begins to cast a cantrip, but forgets the words!
The hound bites you but does no damage.
You miss the hound.
The hound is heavily wounded.
The hound bites you but does no damage. The hound closely misses you.
You hit the hound but do no damage.
The hound is heavily wounded.
The hound bites you.
You take 1 damage, and have 22/32 hp.
You hit the hound but do no damage.
The hound is heavily wounded.
The hound barely misses you. The hound bites you but does no damage.
The orc wizard mumbles some strange words.
The orc wizard blinks!
You hit the hound.
The hound is severely wounded.
The hound bites you. The hound closely misses you.
You hit the hound.
The hound is almost dead.
The hound stops to sniff the ground.
The hound closely misses you.
You hit the hound.
You kill the hound!
Your Axes skill increases to level 5!
You have reached level 4!
You feel clever.
The orc wizard casts a spell.
The orc wizard blinks!
You regained 5 hp, and now have 27/39 hp.
MP restored: 4 You hit the orc wizard.
The orc wizard is moderately wounded.
The orc wizard misses you.
The orc wizard hits you but does no damage.
You see here a hound corpse.
You hit the orc wizard but do no damage.
The orc wizard is moderately wounded.
You hit the orc wizard.
The orc wizard hits you but does no damage.
The orc wizard casts a spell.
The orc wizard seems to speed up.
You barely miss the orc wizard.
The orc wizard is moderately wounded.
You barely miss the orc wizard.
The orc wizard hits you with a +0 dagger.
The orc wizard hits you but does no damage.
You closely miss the orc wizard.
The orc wizard is moderately wounded.
You hit the orc wizard. The orc wizard closely misses you.
The orc wizard barely misses you. The orc wizard misses you.
An orc wizard comes into view. It is wielding a +0 dagger.
The orc wizard shouts!
You hit the orc wizard.
The orc wizard is moderately wounded.
You closely miss the orc wizard.
The orc wizard hits you but does no damage.
The orc wizard hits you with a +0 dagger.
The orc wizard mumbles some strange words.
The orc wizard blinks!
You take 1 damage, and have 26/39 hp.
You hit the orc wizard but do no damage.
The orc wizard is moderately wounded.
You completely miss the orc wizard.
The orc wizard hits you but does no damage.
The orc wizard zaps a wand.
You turn into a bat.
Your +0 hand axe melds into your body.
Your +0 helmet melds into your body.
Your +0 ring mail melds into your body.
Your +6 ring of intelligence melds into your body.
Your +4 ring of protection melds into your body.
You feel stupid.
The orc wizard gestures at you while chanting.
The puff of frost hits you!
You take 10 damage, and have 16/39 hp.
MASSIVE DAMAGE!!
You hit the orc wizard but do no damage.
The orc wizard is moderately wounded.
The orc wizard gestures at you while chanting.
The magic dart hits you!
* * * LOW HITPOINT WARNING * * *
The orc wizard closely misses you.
You take 5 damage, and have 11/39 hp.
The orc wizard gestures at you while chanting.
The magic dart hits you.
* * * LOW HITPOINT WARNING * * *
You take 5 damage, and have 6/39 hp.
The orc wizard gestures at you while chanting.
The puff of flame hits you!
You die...

#..... . , .#
#.....##. ,..#
#....#..# ...#
##.......##...#
*,
..............#
####...))...#.#
* #.......)#
..# ,
..##.###†###.#
* , #....oo.b.#
* #.##....### ,
#....# #....# *
#.##.# *
...,..# ###.
### #. *


You could see 2 orc wizards.

Vanquished Creatures
  A hound (D:4)
  An adder (D:2)
  2 dart slugs (D:1)
  3 leopard geckos
  3 orcs (D:4)
  2 giant cockroaches
  4 goblins
  A ball python (D:1)
  2 frilled lizards (D:1)
  4 kobolds
  2 rats (D:1)
25 creatures vanquished.

Notes
Turn   | Place    | Note
-------+----------+-------------------------------------------
     0 | D:1      | Irenicus the Deep Dwarf Gladiator began the quest for the
                  | Orb.
     0 | D:1      | Reached XP level 1. HP: 19/19 MP: 1/1
   230 | D:1      | Reached skill level 4 in Axes
   230 | D:1      | Reached XP level 2. HP: 23/26 MP: 2/2
   571 | D:1      | Reached XP level 3. HP: 28/32 MP: 3/3
   699 | D:2      | You fall into a shaft and drop 2 floors!
   716 | D:4      | Reached skill level 5 in Axes
   716 | D:4      | Reached XP level 4. HP: 27/39 MP: 4/4
   725 | D:4      | HP: 6/39 [orc wizard/magic dart (5)]
   727 | D:4      | Killed from afar by an orc wizard

Illustrated notes

Levels and vault maps discovered:
D:1:      shiori_arrival_elements, layout_basic, minmay_bisected
D:2:      layout_rooms
D:4:      layout_loops_cross, hangedman_decor_growths, uniq_natasha

Skill      XL: |  1  2  3 |
---------------+----------+-----
Axes           | 4 5 |  5.4
Fighting       | |  1.7
Throwing       | |  1.7
Dodging        | |  3.2

Action                   |  1- 3 |  4- 6 || total
-------------------------+-------+-------++-------
Melee: War axe           |    14 |       ||    14
       Hand axe          |    52 |     6 ||    58
       Unarmed           |       |     1 ||     1
Throw: Javelin           |     1 |       ||     1
Armor: Leather armour    |     7 |       ||     7
       Ring mail         |    18 |     3 ||    21
Dodge: Dodged            |    38 |     5 ||    43

Table legend: (Time is in decaauts)
 A = Elapsed time spent in this place.
 B = Non-inter-level travel time spent in this place.
 C = Inter-level travel time spent in this place.
 D = Time resting spent in this place.
 E = Time spent auto-exploring this place.
 F = Levels seen in this place.
 G = Mean time per level.
                   A        B        C        D        E       F      G
               +--------+--------+--------+--------+--------+-----+--------+
         Total |    734 |    707 |     27 |      0 |      0 |   3 |  244.7 |
       Dungeon |    734 |    707 |     27 |      0 |      0 |   3 |  244.7 |
               +--------+--------+--------+--------+--------+-----+--------+

Top non-repeatable levels by time:
     D:1: 571 daAuts
     D:2: 135 daAuts
     D:4: 27 daAuts

Table legend:
 A = Kills in this place as a percentage of kills in entire the game.
 B = Kills by you in this place as a percentage of kills by you in the entire game.
 C = Kills by friends in this place as a percentage of kills by friends in the entire game.
 D = Other kills in this place as a percentage of other kills in the entire game.
 E = Experience gained in this place as a percentage of experience gained in the entire game.
 F = Experience gained in this place divided by the number of levels of this place that you have seen.
                   A       B       C       D       E      F
               +-------+-------+-------+-------+-------+----------------------
         Total | 100.0 | 100.0 |   N/A |   N/A | 100.0 |  34.0
       Dungeon | 100.0 | 100.0 |   N/A |   N/A | 100.0 |  34.0
               +-------+-------+-------+-------+-------+----------------------
